 Dungeon Crawl Stone Soup version 0.29-a0-284-gf9362112df (webtiles) character file.

Game seed: 14979811163951765930

9053 ooooo the Destroyer (level 11, -3/61 HPs)
             Began as an Octopode Conjurer on Mar 20, 2022.
             Was an Initiate of Gozag.
             Killed by an exploding fulminant prism (34 damage)
             ... on level 11 of the Dungeon.
             The game lasted 00:28:12 (17055 turns).

ooooo the Destroyer (Octopode Conjurer)            Turns: 17055, Time: 00:28:12

Health: -3/61      AC:  1    Str:  7    XL:     11   Next: 40%
Magic:  27/31      EV: 17    Int: 31    God:    Gozag
Gold:   1163       SH:  0    Dex: 10    Spells: 14/25 levels left

rFire   . . .      SeeInvis .   e - +3 short sword (elec)
rCold   . . .      Faith    .   (no shield)
rNeg    . . .      Spirit   .   (helmet restricted)
rPois   +          Reflect  .   (no amulet)
rElec   .          Harm     .   o - ring of magical power
rCorr   .          Rampage  .   w - +4 ring of evasion
Will    .....                   z - +6 ring of intelligence
Stlth   +++.......              E - ring of poison resistance
HPRegen 0.20/turn               (no ring)
MPRegen 0.22/turn               (no ring)
                                (no ring)
                                (no ring)

@: no status effects
A: almost no armour, amphibious, 8 rings, camouflage 1, gelatinous body 1,
(nimble swimmer 1), tentacles
a: Renounce Religion, Potion Petition, Call Merchant, Bribe Branch


You were on level 11 of the Dungeon.
You worshipped Gozag.
Gozag was most pleased with you.
You visited 2 branches of the dungeon, and saw 14 of its levels.

You collected 1284 gold pieces.
You paid 121 gold pieces to Gozag.

Inventory:

Hand Weapons
 e - a +3 short sword of electrocution (weapon)
 t - a +1 spear of protection
Missiles
 h - 6 curare-tipped darts
 r - 4 poisoned darts
 G - a throwing net
Armour
 j - a +1 tower shield of poison resistance
Magical Staves
 l - a staff of cold
 n - a staff of air
Jewellery
 o - a ring of magical power (left tentacle)
 w - a +4 ring of evasion (right tentacle)
 z - a +6 ring of intelligence (on tentacle)
 E - a ring of poison resistance (on tentacle)
Wands
 m - a wand of acid (7)
 q - a wand of iceblast (10)
Scrolls
 c - 3 scrolls of teleportation
 f - a scroll of blinking
 k - a scroll of magic mapping
 y - a scroll of torment
 B - a scroll of fog
Potions
 a - 3 potions of magic
 b - 2 potions of brilliance
 d - 4 potions of lignification
 g - a potion of berserk rage
 i - 5 potions of mutation
 p - 5 potions of heal wounds
 s - a potion of might {unknown}
 u - 2 potions of invisibility
 v - a potion of flight {unknown}
 x - a potion of resistance {unknown}
 A - a potion of ambrosia {unknown}
 C - 2 potions of curing
 D - a potion of cancellation {unknown}
 F - a potion of experience {unknown}
Miscellaneous
 J - a lightning rod (3/4)


   Skills:
 - Level 2.0 Dodging
 - Level 2.6 Stealth
 + Level 7.5 Spellcasting
 + Level 12.6 Conjurations
 - Level 8.2 Hexes
 - Level 5.5 Translocations


You had 14 spell levels left.
You knew the following spells:

 Your Spells              Type           Power      Damage    Failure   Level
a - Searing Ray           Conj           100%       2d8       1%          2
b - Magic Dart            Conj           100%       1d8       1%          1
c - Fulminant Prism       Conj/Hex       33%        3d16      1%          4
d - Iskenderun's Mystic   Conj/Tloc      62%        2d13      1%          4

Your spell library contained the following spells:

 Spells                   Type           Power      Damage    Failure   Level
 Dazzling Flash           Conj/Hex       100%       N/A       1%          3
 Animate Skeleton         Necr           22%        N/A       4%          1
 Pain                     Necr           44%        1d6       4%          1
 Corpse Rot               Necr/Air       22%        N/A       6%          2
 Sublimation of Blood     Necr           11%        N/A       6%          2
 Irradiate                Conj/Tmut      25%        3d21      9%          5
 Vampiric Draining        Necr           11%        2d6       13%         3
 Summon Mana Viper        Hex/Summ       37%        N/A       22%         5
 Summon Forest            Summ/Tloc      14%        N/A       36%         5
 Animate Dead             Necr           5%         N/A       38%         4
 Dispel Undead            Necr           11%        3d9       38%         4
 Petrify                  Tmut/Erth      11%        N/A       38%         4
 Borgnjor's Vile Clutch   Necr/Erth      5%         N/A       75%         5
 Death Channel            Necr           5%         N/A       100%        6
 Summon Cactus Giant      Summ           5%         N/A       100%        6
 Chain Lightning          Conj/Air       25%        3d33      100%        9
 Fire Storm               Conj/Fire      25%        8d6       100%        9
 Shatter                  Erth           5%         3d8*      100%        9


Dungeon Overview and Level Annotations

Branches:
Dungeon (13/15)            Temple (1/1) D:7             Orc (0/2) D:10
   Lair: D:8-11      Vaults: D:13-14

Altars:
Ashenzari
Cheibriados
Dithmenos
Elyvilon
Fedhas
Gozag
Hepliaklqana
Kikubaaqudgha
Makhleb
Nemelex Xobeh
Okawaru
Qazlal
Ru
Sif Muna
Trog
Uskayaw
Vehumet
Wu Jian
Xom
Yredelemnul
Zin
The Shining One
Beogh

Shops:
D:4 =**

Annotations:
D:6 2 transporters, pigah's ghost, novice OpAE


Innate Abilities, Weirdness & Mutations

You cannot wear most types of armour.
You are amphibious.
You can wear up to eight rings at the same time.
Your skin changes colour to match your surroundings (Stealth+).
Your rubbery body absorbs attacks. (AC +1, EV +1)
((You are camouflaged when in or above water. (Stealth+)))
You have tentacles for arms and can constrict up to eight enemies at once.


Message History

You start resting.
Magic restored.
You start resting.
HP restored.
Found a scroll of identify.
You now have 1130 gold pieces (gained 9).
There is a broken door, spattered with blood here.
You now have 1138 gold pieces (gained 8).
You now have 1143 gold pieces (gained 5).
There is an escape hatch in the floor here.
You now have 1148 gold pieces (gained 5).
You now have 1155 gold pieces (gained 7).
You now have 1163 gold pieces (gained 8).
I - a scroll of identify You open the door.
There is an open door here.
Something hits you!
Deactivating autopickup; reactivate with Ctrl-A.
As you read the scroll of identify, it crumbles to dust.
C - 2 potions of curing
As you read the scroll labelled HERESH PEODWOO, it crumbles to dust.
It is a scroll of enchant weapon.
Your +2 short sword of electrocution glows red for a moment.
Something hits you! Something hits you. Something closely misses you.
Casting: Iskenderun's Mystic Blast (dangerous; 1% risk of failure)
Confirm with . or Enter, or press ? or * to list all spells.
Aiming: Fulminant Prism (dangerous; 1% risk of failure)
Press: ? - help, Dir - move target You conjure a prism of explosive energy!
A fulminant prism comes into view.
Something hits you.
Your fulminant prism crackles loudly.
Something barely misses you. Something hits you!
Your fulminant prism explodes!
The blast of energy engulfs something!!
The blast of energy engulfs you!!
Ouch! That really hurt!
You die...
Your body crumbles into a pile of gold.

$
........#
.......#
......#
.....#
....# ...
#.# #@#
.# #.#
.### #.#
...# #.#
...# #.#
...# #.#
...# #.#
...# #.#
...# #.#


There were no monsters in sight!

Vanquished Creatures
  Fannar (D:10)
  A two-headed ogre (D:11)
  Joseph (D:10)
  A komodo dragon (D:6)
  Maggie (D:6)
  3 slime creatures (D:11)
  Sigmund (D:6)
  A shadow (D:11)
  5 yaks (D:9)
  A wyvern (D:4)
  3 wraiths
  4 steam dragons
  3 vampire mosquitoes (D:11)
  2 acid dragons
  A water moccasin (D:6)
  5 orc warriors
  An ice beast (D:5)
  2 black bears
  3 ogres
  4 centaurs
  A phantom (D:5)
  A kobold brigand (D:8)
  4 bullfrogs
  A gnoll sergeant (D:10)
  3 scorpions
  4 wights (D:10)
  3 killer bees (D:10)
  2 howler monkeys (D:11)
  2 hounds (D:6)
  8 orc priests
  3 iguanas
  2 orc wizards
  11 gnolls
  6 adders
  2 shadow imps
  3 white imps
  An ufetubus (D:6)
  2 worms (D:2)
  2 dart slugs
  41 orcs
  5 ball pythons
  3 endoplasms
  2 giant cockroaches
  14 goblins
  4 hobgoblins
  4 jackals (D:4)
  2 quokkas
  11 bats
  2 frilled lizards
  16 kobolds
  10 rats
219 creatures vanquished.

Vanquished Creatures (others)
  81 fulminant prisms
  A fungus (D:1)
82 creatures vanquished.

Grand Total: 301 creatures vanquished

Notes
Turn   | Place    | Note
-------+----------+-------------------------------------------
     0 | D:1      | ooooo the Octopode Conjurer began the quest for the Orb.
     0 | D:1      | Reached XP level 1. HP: 11/11 MP: 3/3
   111 | D:1      | Reached XP level 2. HP: 17/17 MP: 3/5
   444 | D:1      | Found a faded altar of an unknown god.
   587 | D:1      | Reached XP level 3. HP: 21/21 MP: 6/6
   590 | D:1      | Learned a level 2 spell: Searing Ray
   768 | D:1      | Reached skill level 5 in Conjurations
  1546 | D:2      | Found a shimmering blue altar of Sif Muna.
  1920 | D:2      | Reached XP level 4. HP: 14/27 MP: 3/7
  2406 | D:2      | Learned a level 4 spell: Fulminant Prism
  2576 | D:3      | Noticed a black bear
  3628 | D:3      | Reached skill level 1 in Hexes
  4266 | D:3      | Killed a black bear
  4267 | D:3      | Reached skill level 6 in Conjurations
  4267 | D:3      | Reached XP level 5. HP: 6/31 MP: 0/8
  4951 | D:4      | Noticed a wyvern
  4959 | D:4      | Killed a wyvern
  4960 | D:4      | Reached XP level 6. HP: 21/36 MP: 0/9
  5134 | D:4      | Found Ziuceuppu's Elemental Accessories.
  5268 | D:4      | Found a glowing golden altar of the Shining One.
  5364 | D:4      | Found a sacrificial altar of Ru.
  5372 | D:4      | Found a hazy altar of Hepliaklqana.
  5531 | D:4      | Reached XP level 7. HP: 41/41 MP: 0/10
  5643 | D:4      | Found Pughitel's Assorted Antiques.
  5643 | D:4      | Found Kujoan's Jewellery Boutique.
  5962 | D:5      | Entered Level 5 of the Dungeon
  5967 | D:5      | Reached skill level 5 in Hexes
  6250 | D:5      | Reached skill level 7 in Conjurations
  6279 | D:5      | Reached XP level 8. HP: 23/46 MP: 1/11
  6961 | D:5      | Learned a level 4 spell: Iskenderun's Mystic Blast
  7372 | D:6      | Reached skill level 1 in Translocations
  7462 | D:6      | Reached skill level 8 in Conjurations
  7505 | D:6      | Noticed pigah's ghost (novice OpAE)
  7506 | D:6      | Found a transporter.
  7506 | D:6      | Identified the +3 giant club of Punishment {flame, rElec
                  | rPois Dex-4 Stlth-}
  7513 | D:6      | Found a transporter.
  7558 | D:6      | Noticed a komodo dragon
  7569 | D:6      | Killed a komodo dragon
  7570 | D:6      | Reached XP level 9. HP: 51/51 MP: 8/12
  8027 | D:6      | Noticed Sigmund
  8031 | D:6      | Noticed Maggie
  8033 | D:6      | Killed Sigmund
  8041 | D:6      | Killed Maggie
  8269 | D:6      | Reached skill level 5 in Translocations
  8824 | D:7      | Found a white marble altar of Elyvilon.
  9232 | D:7      | Found a staircase to the Ecumenical Temple.
  9305 | Temple   | Entered the Ecumenical Temple
  9474 | Temple   | Became a worshipper of Gozag Ym Sagoz the Greedy
  9717 | D:7      | Reached skill level 9 in Conjurations
 11084 | D:8      | Found a snail-covered altar of Cheibriados.
 11085 | D:8      | Found a stormy altar of Qazlal.
 11239 | D:8      | Found a radiant altar of Vehumet.
 11239 | D:8      | Found an iron altar of Okawaru.
 11525 | D:9      | Reached skill level 10 in Conjurations
 11614 | D:9      | Reached XP level 10. HP: 56/56 MP: 13/13
 13054 | D:10     | Entered Level 10 of the Dungeon
 13058 | D:10     | Reached skill level 11 in Conjurations
 13743 | D:10     | Reached skill level 5 in Spellcasting
 14210 | D:10     | Noticed Fannar
 14565 | D:10     | Killed Fannar
 14976 | D:10     | Found a staircase to the Orcish Mines.
 15010 | D:10     | Noticed Joseph
 15017 | D:10     | Killed Joseph
 15018 | D:10     | Reached XP level 11. HP: 30/61 MP: 14/20
 15812 | D:11     | You fall into a shaft and drop 2 floors!
 15813 | D:13     | Noticed a centaur warrior
 15836 | D:12     | Noticed a two-headed ogre
 16051 | D:11     | Noticed a two-headed ogre
 16071 | D:11     | Killed a two-headed ogre
 16072 | D:11     | Reached skill level 12 in Conjurations
 17055 | D:11     | Killed by an exploding fulminant prism

Illustrated notes

Levels and vault maps discovered:
D:1:      scummos_arrival_forest, layout_basic, shapermc_ecumenical_altar_gd
D:2:      minmay_kobold_bridge, layout_loops_ring, basic_altar,
          minmay_misc_feat_nine_boxes
D:3:      layout_rooms, minmay_door_square
D:4:      layout_basic, tso_metal_star, mainiacjoe_overflow_big_doors,
          nicolae_elemental_shop, nicolae_wooded_promenade, minivault_5
D:5:      layout_rooms, minmay_quadrilaterals
D:6:      layout_cave_pods, gammafunk_ghost_smash, grunt_ministairs_8,
          uniq_maggie, uniq_sigmund
D:7:      layout_loops_ring, elyvilon_altar_3, minmay_temple_entry_butterflies,
          corexii_checkpoint_a, roderic_lattice_a
D:8:      layout_loops_ring, gammafunk_temple_overflow_pools,
          gammafunk_temple_overflow_statue
D:9:      layout_basic, serial_glass, glass_columns_b, glass_columns_a,
          minmay_misc_feat_four_crosses, hex_large, minivault_22
D:10:     layout_long_grid, david_orc_5, uniq_fannar, uniq_joseph
D:11:     layout_roguey, lair_entry_dummy
D:12:     layout_basic, enter_trove_0, serial_undead, serial_undead_c,
          serial_undead_d, serial_undead_d, serial_undead_a, serial_undead_f,
          serial_undead_b, serial_undead_e, serial_undead_c
D:13:     layout_long_grid, david_vaults_4, minmay_unpleasant_kobolds,
          uniq_jorgrun
Temple:   eino_narrow_crystal_temple

Skill      XL: |  1  2  3  4  5  6  7  8  9 10 11 |
---------------+----------------------------------+-----
Conjurations   | 5 6 7 8 10 11 12 | 12.6
Hexes          | 2 3 4 6 7 8 |  8.2
Translocations | 3 5 |  5.5
Spellcasting   | 6 7 |  7.5
Dodging        | |  2.0
Stealth        | |  2.6

Action                   |  1- 3 |  4- 6 |  7- 9 | 10-12 || total
-------------------------+-------+-------+-------+-------++-------
Melee: Short sword       |    52 |    46 |    78 |    33 ||   209
       Constrict         |    15 |     9 |    14 |    10 ||    48
       Tentacles         |     7 |     3 |    16 |     9 ||    35
       Punch             |       |       |     2 |     1 ||     3
 Cast: Magic Dart        |    21 |     2 |       |       ||    23
       Searing Ray       |     2 |    10 |    16 |    15 ||    43
       Fulminant Prism   |       |     5 |    28 |    48 ||    81
       Iskenderun's Myst |       |       |     2 |    20 ||    22
Evoke: Wand              |       |     1 |     1 |       ||     2
       Lightning rod     |       |       |       |     1 ||     1
  Use: Scroll            |       |       |    15 |     8 ||    23
       Potion            |       |       |       |     2 ||     2
 Stab: Sleeping          |     8 |     5 |     4 |     1 ||    18
Armor: Skin              |     1 |     7 |     5 |     1 ||    14
Dodge: Dodged            |    32 |    42 |    64 |    44 ||   182

Table legend: (Time is in decaauts)
 A = Elapsed time spent in this place.
 B = Non-inter-level travel time spent in this place.
 C = Inter-level travel time spent in this place.
 D = Time resting spent in this place.
 E = Time spent auto-exploring this place.
 F = Levels seen in this place.
 G = Mean time per level.
                   A        B        C        D        E       F      G
               +--------+--------+--------+--------+--------+-----+--------+
         Total |  17076 |  16290 |    786 |   5982 |   8453 |  14 | 1219.7 |
       Dungeon |  16891 |  16132 |    759 |   5982 |   8304 |  13 | 1299.3 |
        Temple |    184 |    157 |     27 |      0 |    149 |   1 |  184.0 |
               +--------+--------+--------+--------+--------+-----+--------+

Top non-repeatable levels by time:
     D:9: 2385 daAuts
     D:2: 1992 daAuts
     D:8: 1948 daAuts
     D:3: 1679 daAuts
    D:11: 1413 daAuts
     D:5: 1409 daAuts
     D:7: 1405 daAuts
     D:6: 1205 daAuts
     D:1: 1188 daAuts
     D:4: 1116 daAuts
    D:10: 1114 daAuts
  Temple: 184 daAuts
    D:12: 26 daAuts
    D:13: 6 daAuts
